 Dungeon Crawl Stone Soup version 0.21-a0-1-gaf3b9a5 (webtiles) character file.

1987 Avack the Firebug (level 9, -1/78 HPs)
             Began as a Naga Fire Elementalist on May 20, 2017.
             Was an Initiate of Sif Muna.
             Slain by tilp's ghost (8 damage)
             ... on level 7 of the Dungeon.
             The game lasted 00:26:59 (8454 turns).

Avack the Firebug (Naga Fire Elementalist)          Turns: 8454, Time: 00:27:00

Health: -1/78      AC:  7    Str: 11    XL:     9   Next: 21%
Magic:  5/23       EV: 16    Int: 17    God:    Sif Muna [......]
Gold:   353        SH:  0    Dex: 16    Spells: 6/14 levels left

rFire    . . .     SeeInvis +   k - +0 flail (protect)
rCold    . . .     Gourm    .   (no shield)
rNeg     . . .     Faith    .   q - +0 steam dragon scales
rPois    +         Spirit   .   (no helmet)
rElec    .         Reflect  .   (no cloak)
rCorr    .         Harm     .   p - +1 pair of gloves {Dex+3}
MR       +....                  (no barding)
Stlth    ++........             (no amulet)
Regen    0.3/turn               h - ring of magical power
MPRegen  0.2/turn               e - +4 ring of evasion

@: very slow
A: see invisible, deformed body, poison resistance, slowness 2, slow metabolism
1, spit poison 1, AC +3
a: Spit Poison, Renounce Religion


You were on level 7 of the Dungeon.
You worshipped Sif Muna.
Sif Muna was noncommittal.
You were hungry.

You visited 2 branches of the dungeon, and saw 8 of its levels.

You collected 353 gold pieces.

Inventory:

Hand Weapons
 k - a +0 flail of protection (weapon)
 u - a +0 blowgun
Missiles
 f - 150 stones (quivered)
 s - 3 curare-tipped needles
 t - 2 needles of sleeping
 v - 29 poisoned needles
Armour
 p - a +1 pair of gloves of dexterity (worn)
 q - +0 steam dragon scales (worn)
Jewellery
 d - an uncursed ring of protection from magic
 e - a +4 ring of evasion (right hand)
 h - a ring of magical power (left hand)
 l - an uncursed ring of protection from magic
 o - a +3 ring of dexterity
Wands
 n - a wand of flame (13/48)
Potions
 j - a potion of mutation
 m - a potion of lignification
Books
 b - a book of Flames

   Spells                             Type                      Level
   a - Flame Tongue                   Conjuration/Fire             1
   b - Throw Flame                    Conjuration/Fire             2
   c - Conjure Flame                  Conjuration/Fire             3
   d - Inner Flame                    Hexes/Fire                   3
   e - Sticky Flame                   Conjuration/Fire             4
   f - Fireball                       Conjuration/Fire             5
 r - a book of Changes

   Spells                             Type                      Level
   a - Beastly Appendage              Transmutation                1
   b - Sticks to Snakes               Transmutation                2
   c - Spider Form                    Transmutation/Poison         3
   d - Ice Form                       Ice/Transmutation            4
   e - Blade Hands                    Transmutation                5
Comestibles
 c - 3 bread rations
 g - 4 fruits
 i - 3 meat rations


   Skills:
 - Level 4.0 Fighting
 - Level 4.4 Dodging
 - Level 3.0 Stealth
 - Level 3.3 Spellcasting
 + Level 6.1 Conjurations
 + Level 7.5 Fire Magic


You had 6 spell levels left.
You knew the following spells:

 Your Spells              Type           Power        Failure   Level  Hunger
a - Flame Tongue          Conj/Fire      ####.        1%          1    None
b - Sticky Flame          Conj/Fire      ####....     10%         4    ####...
c - Conjure Flame         Conj/Fire      ####....     3%          3    ###....


Dungeon Overview and Level Annotations

Branches:
Dungeon (7/15)             Temple (1/1) D:6

Altars:
Ashenzari
Cheibriados
Dithmenos
Elyvilon
Fedhas
Gozag
Hepliaklqana
Kikubaaqudgha
Makhleb
Nemelex Xobeh
Okawaru
Qazlal
Ru
Sif Muna
Trog
Uskayaw
Vehumet
Wu Jian
Xom
Yredelemnul
Zin
The Shining One

Shops:
D:6 (

Annotations:
D:7 tilp's ghost, novice HOFE


Innate Abilities, Weirdness & Mutations

You cannot wear boots.
Your serpentine skin is tough. (AC +3)
You have supernaturally acute eyesight. (SInv)
Armour fits poorly on your strangely shaped body.
Your system is resistant to poisons. (rPois)
You cover ground very slowly.
You have a slow metabolism.
You can spit poison.


Message History

Tilp's ghost is moderately damaged.
Tilp's ghost hits you!
* * * LOW HITPOINT WARNING * * *
Casting: Flame Tongue
Confirm with . or Enter, or press ? or * to list all spells.
Aiming: Flame Tongue
Press: ? - help, Shift-Dir - straight line, f/p - tilp's ghost
Aim: tilp's ghost (moderately damaged)
The flame tongue hits tilp's ghost.
Tilp's ghost is moderately damaged.
Tilp's ghost barely misses you.
Casting: Flame Tongue
Confirm with . or Enter, or press ? or * to list all spells.
Aiming: Flame Tongue
Press: ? - help, Shift-Dir - straight line, f/p - tilp's ghost
Aim: tilp's ghost (moderately damaged)
The flame tongue hits tilp's ghost.
Tilp's ghost is heavily damaged.
Tilp's ghost hits you!
You die...

....#.#..#......##.......
......##.................
..............##.........
..............#.##......#..
......###..##....#..##.....
..... #...............##.
...... #.#.............##.
......###W............#.##.
......#...@...........#....
........##............####.
##.......##...........# #.
#.......###..........## ##
.......W.####....##....# #
####.##...###.....#....####
#.##.#.................#
.......>......##....##..
.........######..........


You could see tilp's ghost.

Vanquished Creatures
  A hippogriff (D:7)
  A black bear (D:6)
  2 phantoms
  An ogre (D:4)
  The ghost of Avack the Insei, an amateur DsGl (D:3)
  Blork the orc (D:4)
  4 scorpions
  A howler monkey (D:4)
  2 bullfrog zombies (D:5)
  2 crimson imps
  3 orc priests (D:5)
  4 hounds
  4 jellies
  4 bullfrog skeletons
  5 orc wizards
  5 worker ants
  A howler monkey zombie (D:6)
  11 adders
  An ooze (D:5)
  An adder zombie (D:5)
  2 worms
  2 dart slugs
  9 leopard geckos
  26 orcs
  2 ball pythons
  9 bats
  4 giant cockroaches
  4 goblins
  7 hobgoblins
  7 jackals
  8 kobolds
  A quokka (D:4)
  6 frilled lizards
  A leopard gecko skeleton (D:5)
  A leopard gecko zombie (D:5)
  4 rats
148 creatures vanquished.

Notes
Turn   | Place    | Note
-------+----------+-------------------------------------------
     0 | D:1      | Avack the Naga Fire Elementalist began the quest for the Orb.
     0 | D:1      | Reached XP level 1. HP: 15/15 MP: 3/3
   272 | D:1      | Reached XP level 2. HP: 4/22 MP: 0/5
  1293 | D:1      | Reached XP level 3. HP: 19/28 MP: 4/6
  2111 | D:2      | Reached skill level 4 in Fire Magic
  2128 | D:2      | Reached XP level 4. HP: 36/36 MP: 5/7
  2147 | D:2      | Learned a level 4 spell: Sticky Flame
  2640 | D:3      | Noticed Avack's ghost (amateur DsGl)
  3740 | D:4      | Reached XP level 5. HP: 41/42 MP: 5/8
  3746 | D:4      | Learned a level 3 spell: Conjure Flame
  3797 | D:4      | Reached skill level 5 in Fire Magic
  3799 | D:4      | Noticed Blork the orc
  4147 | D:4      | Noticed an ogre
  4291 | D:4      | HP: 2/42 [crimson imp (2)]
  4299 | D:4      | HP: 2/42 [crimson imp (1)]
  4300 | D:4      | Reached skill level 6 in Fire Magic
  4300 | D:4      | Reached XP level 6. HP: 2/49 MP: 9/9
  4937 | D:4      | Reached skill level 7 in Fire Magic
  4937 | D:4      | Reached XP level 7. HP: 46/55 MP: 0/10
  5037 | D:4      | Killed Blork the orc
  5517 | D:5      | Entered Level 5 of the Dungeon
  5630 | D:5      | Reached skill level 5 in Conjurations
  5658 | D:5      | Reached XP level 8. HP: 22/62 MP: 4/11
  6089 | D:5      | Reached skill level 1 in Fighting
  6517 | D:3      | Killed Avack's ghost
  7238 | D:6      | Found Veiprism's Antique Weapon Boutique.
  7418 | D:6      | Found a staircase to the Ecumenical Temple.
  7419 | D:6      | Found a white marble altar of Elyvilon.
  7494 | Temple   | Entered the Ecumenical Temple
  7576 | Temple   | Became a worshipper of Sif Muna the Loreminder
  8031 | D:7      | Noticed a hippogriff
  8146 | D:7      | Reached XP level 9. HP: 68/78 MP: 12/12
  8435 | D:7      | Noticed tilp's ghost (novice HOFE)
  8454 | D:7      | Slain by tilp's ghost

Vault maps used:
D:1:      minmay_arrival_loop
D:2:      first_bread, nicolae_underground_beach
D:4:      uniq_blork_the_orc
D:5:      grunt_ministairs_2
D:6:      elyvilon_altar_3, minmay_temple_entry_statues_fountains, serial_shops,
          nicolae_shop_temple_entry_statues_fountains,
          hangedman_abyss_or_decor_stabs
D:7:      basic_altar, wad_floor_pattern_1
Temple:   dpeg_three_leaves_temple

Skill      XL: |  1  2  3  4  5  6  7  8  9 |
---------------+----------------------------+-----
Conjurations   | 2 5 6 |  6.1
Fire Magic     | 4 6 7 |  7.5
Fighting       | 4 |  4.0
Dodging        | 4 |  4.4
Spellcasting   | 3 |  3.3
Stealth        | |  3.0

Action                   |  1- 3 |  4- 6 |  7- 9 || total
-------------------------+-------+-------+-------++-------
Melee: Unarmed           |    18 |       |       ||    18
       Mace              |    12 |       |       ||    12
       Flail             |     3 |    61 |   135 ||   199
 Cast: Flame Tongue      |    55 |    92 |   118 ||   265
       Sticky Flame      |       |     3 |    16 ||    19
       Conjure Flame     |       |     2 |     1 ||     3
 Abil: Spit Poison       |     2 |    10 |     2 ||    14
  Use: Scroll            |       |     7 |     4 ||    11
       Potion            |       |     4 |       ||     4
 Stab: Sleeping          |       |       |     3 ||     3
  Eat: Chunk             |     3 |     4 |    10 ||    17
       Meat ration       |       |     1 |       ||     1
       Fruit             |       |     2 |       ||     2
       Royal jelly       |       |       |     2 ||     2
Armor: Robe              |     5 |    24 |    48 ||    77
       Steam dragon scal |       |       |    31 ||    31
Dodge: Dodged            |    53 |    99 |   204 ||   356
